 Dungeon Crawl Stone Soup version 0.24.0-125-gc4c63601f3 (console) character file.

Game seed: 14128520994903649109, levelgen mode: deterministic

37 Kagalorn the Fighter (level 3, -1/38 HPs)
             Began as a Gnoll Wanderer on Mar 13, 2020.
             Killed from afar by a white imp (3 damage)
             ... with a puff of frost
             ... summoned by Natasha
             ... on level 2 of the Dungeon.
             The game lasted 00:02:34 (973 turns).

Kagalorn the Fighter (Gnoll Wanderer)                Turns: 973, Time: 00:02:34

Health: -1/38      AC:  5    Str: 12    XL:     3   Next: 41%
Magic:  4/4        EV: 11    Int: 15    God:
Gold:   37         SH:  0    Dex: 16    Spells: 3/3 levels left

rFire    . . .     SeeInvis .   a - +2 short sword
rCold    . . .     Gourm    .   (no shield)
rNeg     . . .     Faith    .   j - +0 ring mail
rPois    .         Spirit   .   (no helmet)
rElec    .         Reflect  .   (no cloak)
rCorr    .         Harm     .   (no gloves)
MR       .....                  (no boots)
Stlth    ++........             (no amulet)
HPRegen  0.12/turn              (no ring)
MPRegen  0.09/turn              (no ring)

@: slowed, very slow
A: distributed training, fangs 1, strong nose
a: no special abilities


You were on level 2 of the Dungeon.
You were not hungry.

You visited 1 branch of the dungeon, and saw 2 of its levels.

You collected 37 gold pieces.

Inventory:

Hand Weapons
 a - a +2 short sword (weapon)
 b - a +0 hand axe
Missiles
 e - 64 stones (quivered)
 h - 28 sling bullets
 i - 72 arrows
 m - 38 bolts
Armour
 j - a +0 ring mail (worn)
Jewellery
 l - a +3 ring of dexterity {unknown}
Scrolls
 g - a scroll of enchant armour {unknown}
 n - a scroll of amnesia {unknown}
Potions
 c - a potion of lignification
 d - 2 potions of resistance {unknown}
 k - a potion of heal wounds {unknown}
Comestibles
 f - a ration


   Skills:
 + Level 8.5 Fighting
 + Level 2.6 Short Blades
 + Level 0.7 Long Blades
 + Level 0.7 Axes
 + Level 0.7 Maces & Flails
 + Level 0.7 Polearms
 + Level 0.7 Staves
 + Level 0.7 Slings
 + Level 0.7 Bows
 + Level 2.6 Crossbows
 + Level 2.6 Throwing
 + Level 2.6 Armour
 + Level 2.6 Dodging
 + Level 2.3 Stealth
 + Level 0.7 Shields
 + Level 0.7 Unarmed Combat
 + Level 0.7 Spellcasting
 + Level 0.5 Conjurations
 + Level 0.5 Hexes
 + Level 0.5 Charms
 + Level 0.5 Summonings
 + Level 0.5 Necromancy
 + Level 0.5 Translocations
 + Level 0.5 Transmutations
 + Level 0.5 Fire Magic
 + Level 0.5 Ice Magic
 + Level 0.5 Air Magic
 + Level 0.5 Earth Magic
 + Level 0.5 Poison Magic
 + Level 0.9 Invocations
 + Level 0.7 Evocations


You had 3 spell levels left.
You didn't know any spells.
Your spell library was empty.

Dungeon Overview and Level Annotations

Branches:
Dungeon (2/15)

Altars:
Kikubaaqudgha

Annotations:
D:2 Natasha


Innate Abilities, Weirdness & Mutations

Your experience applies equally to all skills.
You have very sharp teeth.
Your uncanny sense of smell can sniff out nearby items.


Message History

Natasha claws you.
Natasha drinks a potion.
Natasha is healed!
You closely miss Natasha. The white imp closely misses you.
Natasha stares at you and mumbles some strange words.
The magic dart hits you!
* * * LOW HITPOINT WARNING * * *
The white imp hits you but does no damage.
You hit Natasha.
Natasha is moderately wounded.
Natasha claws you.
* * * LOW HITPOINT WARNING * * *
The white imp closely misses you. Natasha claws you.
* * * LOW HITPOINT WARNING * * *
You aren't carrying any items that you can evoke.
Okay, then.
Okay, then.
You hit Natasha.
Natasha is moderately wounded.
The white imp gestures at you. The puff of frost hits you.
You die...

##..# #+# #.### ...†#
##...## #...# ....#
##.....## ###.# .#.##
.###.......## ##.#.##
##...
............####.....##
##.....
...........'.........#
.#......
...........####......#
.#...... #....h..#
##.....# .#..##..
#..5@.# ##...## . ∆
##.>.## ##.## ##'## #.#
#†####### #.# #.......#
#.# # ##.......# #.#
#.##........# #.#
#...........# #.#
....##........# #.#


You could see Natasha and a white imp.

Vanquished Creatures
  An adder (D:2)
  An ooze (D:2)
  A worm (D:2)
  A leopard gecko (D:2)
  4 bats
  A giant cockroach (D:2)
  A goblin (D:1)
  6 hobgoblins
  2 kobolds
  A rat (D:1)
19 creatures vanquished.

Notes
Turn   | Place    | Note
-------+----------+-------------------------------------------
     0 | D:1      | Kagalorn the Gnoll Wanderer began the quest for the Orb.
     0 | D:1      | Kagalorn set off with the following items: a +2 short
                  | sword, a +0 hand axe, a potion of lignification, a +0 robe,
                  | a ration
     0 | D:1      | Reached XP level 1. HP: 26/26 MP: 1/1
   240 | D:1      | Reached XP level 2. HP: 33/33 MP: 2/2
   747 | D:2      | Found a faded altar of an unknown god.
   797 | D:2      | Found an ancient bone altar of Kikubaaqudgha.
   925 | D:2      | Reached XP level 3. HP: 32/38 MP: 3/3
   960 | D:2      | Noticed Natasha
   973 | D:2      | Killed from afar by a white imp

Levels and vault maps discovered:
D:1:      dpeg_arrival_more_subterranean_lakeside_camping, layout_loops_ring,
          hangedman_abyss_or_decor_lesser_grid, chequers_serial_rivers_small_b
D:2:      layout_loops_corners, kiku_gazebo_pond_becter,
          chequers_temple_overflow_statue_of_worship, first_ration,
          chequers_ecumenical_altar_island, uniq_natasha,
          uniq_crazy_yiuf_cottage

Action                   || total
-------------------------++-------
Melee: Short sword       ||    69
       Bite              ||    10
 Stab: Sleeping          ||     1
Armor: Ring mail         ||    23
       Robe              ||     2
Dodge: Dodged            ||    34
